 Dungeon Crawl Stone Soup version 0.31-a0-202-g547052bce9 (webtiles) character file.

Game seed: 4500260223902170446

406 qw the Skirmisher (level 6, -9/35 HPs)
             Began as a Deep Elf Hunter on June 26, 2023.
             Mangled by an ogre
             ... wielding a +0 giant spiked club
              (24 damage)
             ... on level 4 of the Dungeon.
             The game lasted 00:00:48 (1699 turns).

qw the Skirmisher (Deep Elf Hunter)                 Turns: 1699, Time: 00:00:48

Health: -9/35      AC:  7    Str: 10    XL:     6   Next: 56%
Magic:  8/8        EV: 11    Int: 14    God:
Gold:   197        SH:  0    Dex: 18    Spells: 5/5 levels left

rFire   . . .        Y - +0 shortbow (flame)
rCold   + + +        (shield currently unavailable)
rNeg    . . .        e - +0 ring mail
rPois   +            d - +0 helmet
rElec   .            (no cloak)
rCorr   .            k - +0 pair of gloves
SInv    .            (no boots)
Will    .....        (no amulet)
Stlth   +            a - ring of protection from cold
HPRegen 0.25/turn    c - ring of protection from cold
MPRegen 0.11/turn

%: no passive effects
@: no status effects
A: cold resistance 1, poison resistance
a: no special abilities


You were on level 4 of the Dungeon.
You visited 1 branch of the dungeon, and saw 5 of its levels.

You collected 197 gold pieces.


Innate Abilities, Weirdness & Mutations

Your flesh is cold resistant. (rC+)
Your system is resistant to poisons. (rPois)


   Skills:
 - Level 2.0 Fighting
 - Level 10.0 Ranged Weapons
 + Level 0.4 Armour
 - Level 2.8 Dodging
 - Level 1.2 Stealth


You had 5 spell levels left.
You didn't know any spells.
Your spell library was empty.

Inventory:

Hand Weapons
 Y - a +0 shortbow of flaming (weapon)
Armour
 d - a +0 helmet (worn)
 e - a +0 ring mail (worn)
 k - a +0 pair of gloves (worn)
Jewellery
 a - a ring of protection from cold (left hand)
 c - a ring of protection from cold (right hand)
Scrolls
 b - a scroll of identify
 f - 2 scrolls of teleportation
Potions
 i - a potion of heal wounds
 j - a potion of mutation
 l - a potion of attraction {unknown}

Dungeon Overview and Level Annotations

Branches:
Dungeon (5/15)
 Temple: D:4-7

Altars:

Shops:
D:3 :

Annotations:
D:3 1 runed translucent door


Message History

The ball python moves out of view.
Enter note:
Enter note: You shoot an arrow.
The arrow hits the giant cockroach!
The arrow burns the giant cockroach.
You kill the giant cockroach!
You shoot an arrow. The arrow hits the ball python!
The arrow burns the ball python.
You kill the ball python!
Found a stone staircase leading up.
Enter note:
Enter note:
Enter note: You open the door. 2 ogres and a goblin come into view.
The ogre shouts! x2; The goblin shouts!
Found a stone staircase leading down.
Enter note:
Enter note:
Enter note: You shoot an arrow.
The arrow barely misses the ogre.
The arrow hits the ogre but does no damage.
You shoot an arrow. The arrow barely misses the ogre.
The ogre closely misses you.
You shoot an arrow. The arrow hits the ogre!
The arrow burns the ogre.
The ogre is moderately wounded.
The ogre misses you.
The ogre hits you with a +0 giant spiked club!
You shoot an arrow. The arrow hits the ogre!
The arrow burns the ogre.
The ogre is severely wounded.
The ogre completely misses you.
You shoot an arrow.
The arrow hits the ogre but does no damage.
The ogre is severely wounded.
The ogre hits you with a +0 giant spiked club!
You shoot an arrow. The arrow hits the ogre!
The arrow burns the ogre.
You kill the ogre!
The ogre hits you with a +0 giant spiked club!!
Ouch! That really hurt!
You die...

#..#..............#.....+.
#..##..##.........#....###
#..##.%##.........#....##.
#.......#....##..##....##.
.....########..########.
......##....##...# #..
.<##.. #.........# #..
#..##O........# #..
#>..g@....#..## ##.
#..##.....#### ## #
#####.# ###


You could see an ogre and a goblin.

Vanquished Creatures
  An ogre (D:4)
  2 phantoms (D:4)
  A scorpion (D:3)
  An orc priest (D:4)
  Ijyb (D:3)
  Natasha (twice) (D:3)
  Robin (D:3)
  2 adders
  A dart slug (D:2)
  4 orcs (D:4)
  4 endoplasms
  2 giant cockroaches
  9 goblins
  6 hobgoblins
  2 jackals (D:4)
  4 ball pythons
  6 bats
  3 frilled lizards
  8 kobolds
  2 kobold zombies (D:3)
  2 rats
64 creatures vanquished.

Notes
Turn   | Place    | Note
-------+----------+-------------------------------------------
     0 | D:1      | qw the Deep Elf Hunter began the quest for the Orb.
     0 | D:1      | Reached XP level 1. HP: 12/12 MP: 3/3
     0 | D:1      | 0 ||| qw: Version: 0.3-a-22-g0ed2b0b
     0 | D:1      | 0 ||| qw: Game counter: 5859
     0 | D:1      | 0 ||| qw: Melee chars always use a shield: true
     0 | D:1      | 0 ||| qw: God list: Okawaru
     0 | D:1      | 0 ||| qw: Allow faded altars: false
     0 | D:1      | 0 ||| qw: Do Orc after clearing Dungeon:15 true
     0 | D:1      | 0 ||| qw: Do second Lair branch before Depths: true
     0 | D:1      | 0 ||| qw: Lair rune preference: random
     0 | D:1      | 0 ||| qw: Goals: Normal
     0 | D:1      | 0 ||| PLANNING D:1-11
   113 | D:1      | Reached XP level 2. HP: 16/16 MP: 4/4
   116 | D:1      | Reached skill level 6 in Ranged Weapons
   446 | D:1      | 446 ||| UPGRADING to +0 ring mail.
   456 | D:1      | 456 ||| DROPPING +0 leather armour.
   457 | D:1      | 457 ||| READING scroll labelled XAUJEI ISELI.
   458 | D:1      | 458 ||| READING scroll labelled SEHISEJO LASIERCH.
   459 | D:1      | 459 ||| READING 2 scrolls labelled KUDEUT IGG.
   460 | D:1      | 460 ||| READING scroll labelled NANAOT WUCZY.
   461 | D:1      | 461 ||| DRINKING 2 red potions.
   493 | D:1      | 493 ||| DROPPING scroll of butterflies.
   494 | D:1      | 494 ||| DROPPING scroll of fear.
   495 | D:1      | 495 ||| DROPPING potion of lignification.
   636 | D:2      | Reached XP level 3. HP: 19/20 MP: 5/5
   895 | D:2      | 895 ||| DROPPING amulet of magic regeneration.
   896 | D:2      | 896 ||| UPGRADING to ring of protection from cold.
   897 | D:2      | 897 ||| UPGRADING to ring of protection from cold.
   898 | D:2      | 898 ||| READING 2 scrolls labelled VIODEA UCEAKUR.
   899 | D:2      | 899 ||| DRINKING 2 glowing silvery potions.
   899 | D:2      | Gained mutation: Your system is resistant to poisons.
                  | (rPois) [potion of mutation]
   899 | D:2      | Gained mutation: Your flesh is cold resistant. (rC+)
                  | [potion of mutation]
   938 | D:3      | Noticed Robin
   947 | D:3      | Killed Robin
   948 | D:3      | Reached skill level 7 in Ranged Weapons
   950 | D:3      | 950 ||| FLEEEEING.
   952 | D:3      | 952 ||| FLEEEEING.
   954 | D:3      | 954 ||| FLEEEEING.
   974 | D:3      | You fall into a shaft and drop 2 floors!
   974 | D:5      | Entered Level 5 of the Dungeon
   975 | D:5      | 975 ||| UPGRADING to +0 helmet.
  1001 | D:4      | Noticed a phantom
  1003 | D:4      | Noticed a phantom
  1004 | D:4      | Reached XP level 4. HP: 25/25 MP: 6/6
  1012 | D:4      | Killed a phantom
  1013 | D:4      | Reached skill level 8 in Ranged Weapons
  1013 | D:4      | Reached XP level 5. HP: 22/29 MP: 7/7
  1018 | D:4      | Killed a phantom
  1019 | D:4      | Reached skill level 9 in Ranged Weapons
  1063 | D:4      | 1063 ||| STAIRDANCE
  1065 | D:3      | Found Cethrysi's Vocational Training.
  1086 | D:3      | Found a runed translucent door.
  1086 | D:3      | Noticed a human
  1092 | D:3      | 1092 ||| READING 3 scrolls labelled IPPIVY XUWAZA.
  1098 | D:3      | Noticed Ijyb
  1104 | D:3      | Killed Ijyb
  1140 | D:3      | Reached XP level 6. HP: 35/35 MP: 8/8
  1364 | D:3      | Noticed Natasha
  1370 | D:3      | Killed Natasha
  1371 | D:3      | Reached skill level 10 in Ranged Weapons
  1382 | D:3      | Noticed Natasha
  1389 | D:3      | Killed Natasha
  1576 | D:3      | 1576 ||| UPGRADING to +0 pair of gloves.
  1581 | D:3      | 1581 ||| READING scroll labelled GAJEXT XUGY.
  1582 | D:3      | 1582 ||| READING scroll labelled PONWONEHOU.
  1583 | D:3      | 1583 ||| READING 2 scrolls of identify.
  1583 | D:3      | 1583 ||| IDENTIFYING lumpy amethyst potion
  1617 | D:4      | Identified the +3 chain mail of Too Many Cooks {-Tele rElec
                  | rPois rN+++}
  1699 | D:4      | Mangled by an ogre

Levels and vault maps discovered:
D:1:      shiori_arrival_oz, layout_basic, minmay_misc_feat_pillars
D:2:      layout_rooms
D:3:      layout_basic, dk_yredelemnul_ordeal, minmay_misc_feat_alley,
          nicolae_shop_vocational, uniq_ijyb, uniq_natasha, uniq_robin
D:4:      layout_gridville
D:5:      layout_rooms, grunt_temple_overflow_open, uniq_eustachio

Skill      XL: |  1  2  3  4  5  6 |
---------------+-------------------+-----
Ranged Weapons | 6 7 8 9 10 | 10.0
Fighting       | 2 |  2.0
Armour         | |  0.4
Dodging        | |  2.8
Stealth        | |  1.2

Action                     |  1- 3 |  4- 6 || total
---------------------------+-------+-------++-------
   Fire: Shortbow          |    84 |    74 ||   158
    Use: Scroll            |     5 |     4 ||     9
         Potion            |     2 |       ||     2
 Armour: Leather armour    |     3 |       ||     3
         Ring mail         |     4 |    10 ||    14
  Dodge: Dodged            |    15 |    16 ||    31

Table legend:
 A = Non-vault XP
 B = Vault XP
 C = Vault XP percentage of total XP
 D = Non-vault monster count
 E = Vault monster count
 F = Vault count percentage of total count
                 A         B        C        D         E       F
            +---------+---------+-------+---------+---------+-------
      Total |     605 |     103 |  14.5 |      51 |      13 |  20.3
            +---------+---------+-------+---------+---------+-------
        D:1 |      30 |       4 |  11.8 |      19 |       2 |   9.5
        D:2 |      13 |       0 |   0.0 |       7 |       0 |   0.0
        D:3 |     146 |      99 |  40.4 |       8 |      11 |  57.9
        D:4 |     416 |       0 |   0.0 |      17 |       0 |   0.0
            +---------+---------+-------+---------+---------+-------
